 Dungeon Crawl Stone Soup version 0.21-a0-404-g291f19a (webtiles) character file.

18 tof the Twirler (level 2, -4/25 HPs)
             Began as a Minotaur Gladiator on Oct 26, 2017.
             Slain by Natasha (6 damage)
             ... on level 2 of the Dungeon.
             The game lasted 00:00:44 (703 turns).

tof the Twirler (Minotaur Gladiator)                 Turns: 703, Time: 00:00:45

Health: -4/25      AC:  3    Str: 18    XL:     2   Next: 51%
Magic:  1/1        EV: 13    Int:  5    God:
Gold:   36         SH:  0    Dex: 11    Spells: 1/1 levels left

rFire    . . .     SeeInvis .   a - +0 quarterstaff
rCold    . . .     Gourm    .   (shield currently unavailable)
rNeg     . . .     Faith    .   b - +0 leather armour
rPois    .         Spirit   .   c - +0 hat
rElec    .         Reflect  .   (no cloak)
rCorr    .         Harm     .   (no gloves)
MR       .....                  (no boots)
Stlth    +.........             (no amulet)
HPRegen  0.08/turn              (no ring)
MPRegen  0.07/turn              (no ring)

@: no status effects
A: retaliatory headbutt, horns 2
a: no special abilities


You were on level 2 of the Dungeon.
You were not hungry.

You visited 1 branch of the dungeon, and saw 2 of its levels.

You collected 36 gold pieces.

Inventory:

Hand Weapons
 a - a +0 quarterstaff (weapon)
Missiles
 d - 3 throwing nets (quivered)
Armour
 b - a +0 leather armour (worn)
 c - a +0 hat (worn)
Jewellery
 j - an uncursed ring of protection from magic {unknown}
Scrolls
 e - 2 scrolls of remove curse {unknown}
 g - a scroll of amnesia {unknown}
 h - a scroll of teleportation {unknown}
 i - a scroll of magic mapping {unknown}
 l - 2 scrolls of identify {unknown}
Potions
 k - a potion of experience {unknown}
 m - a potion of haste {unknown}
 n - a potion of invisibility {unknown}
Books
 o - a book of Maledictions

   Spells                             Type                      Level
   a - Corona                         Hexes                        1
   b - Ensorcelled Hibernation        Hexes/Ice                    2
   c - Confuse                        Hexes                        3
   d - Tukima's Dance                 Hexes                        3
   e - Dazzling Spray                 Conjuration/Hexes            3
Comestibles
 f - 3 bread rations


   Skills:
 + Level 2.6 Fighting
 * Level 4.1 Staves
 + Level 2.1 Throwing
 * Level 1.0 Armour
 + Level 3.4 Dodging


You had one spell level left.
You didn't know any spells.

Dungeon Overview and Level Annotations

Branches:
Dungeon (2/15)

Altars:
Okawaru

Annotations:
D:2 Natasha


Innate Abilities, Weirdness & Mutations

You reflexively headbutt those who attack you in melee.
You have a pair of horns on your head.


Message History

You closely miss Natasha.
Natasha is moderately wounded.
The hobgoblin hits you but does no damage.
Natasha claws you.
You closely miss Natasha. Your headbutt misses Natasha.
Natasha is moderately wounded.
Natasha claws you! The hobgoblin closely misses you.
You barely miss Natasha.
Natasha is moderately wounded.
Natasha claws you.
* * * LOW HITPOINT WARNING * * *
The hobgoblin hits you with a club.
* * * LOW HITPOINT WARNING * * *
Natasha claws you.
* * * LOW HITPOINT WARNING * * *
You miss Natasha. Your headbutt misses Natasha.
Natasha is moderately wounded.
The hobgoblin misses you. You furiously retaliate!
You headbutt the hobgoblin. Natasha claws you.
You die...

#.############....
...[#...........
#.....<.......
#........##.# ###
#.[.........# #..
#........#### #.#
#........# #.#
#.#....### # #.#
#.##..@#
#.##.######.##.hg#
#...........##>....
####.#########..###
#.# #.. #(## #..
#..# ##. ##.# #.
#.#


You could see Natasha and a hobgoblin.

Vanquished Creatures
  An ooze (D:1)
  5 bats
  A goblin (D:1)
  2 ball pythons
  2 frilled lizards
  4 kobolds
  A rat (D:1)
16 creatures vanquished.

Notes
Turn   | Place    | Note
-------+----------+-------------------------------------------
     0 | D:1      | tof the Minotaur Gladiator began the quest for the Orb.
     0 | D:1      | Reached XP level 1. HP: 18/18 MP: 0/0
   218 | D:1      | Reached XP level 2. HP: 25/25 MP: 1/1
   316 | D:1      | Reached skill level 1 in Armour
   484 | D:1      | Reached skill level 4 in Staves
   638 | D:2      | Found an iron altar of Okawaru.
   694 | D:2      | Noticed Natasha
   703 | D:2      | Slain by Natasha

Vault maps used:
D:1:      dpeg_arrival_windows_large_door
D:2:      lemuel_statue_altar, uniq_natasha, uniq_terence

Skill      XL: |  1  2 |
---------------+-------+-----
Armour         | 1 |  1.0
Staves         | 4 |  4.1
Fighting       | |  2.6
Throwing       | |  2.1
Dodging        | |  3.4

Action                   || total
-------------------------++-------
Melee: Quarterstaff      ||    31
       Headbutt          ||     2
 Stab: Sleeping          ||     1
Armor: Leather armour    ||     9
Dodge: Dodged            ||    28

Table legend:
 A = Spawn XP
 B = Non-spawn XP
 C = Spawn XP percentage of total XP
 D = Spawn monster count
 E = Non-spawn monster count
 F = Spawn count percentage of total count
 G = Total turns spent on level
                    A         B        C        D         E        F      G
               +---------+---------+-------+---------+---------+-------+---------
         Total |       0 |      27 |   0.0 |       0 |      16 |   0.0 |   703
               +---------+---------+-------+---------+---------+-------+---------
           D:1 |       0 |      22 |   0.0 |       0 |      12 |   0.0 |   583
           D:2 |       0 |       5 |   0.0 |       0 |       4 |   0.0 |   120
               +---------+---------+-------+---------+---------+-------+---------
